DBL
ORLANDO DEVIL RAYS @ NEW YORK YANKEES
06/18/1997
 
TOP OF THE 1ST
Orlando Devil Rays batting - Pitching for New York Yankees : RHP Mark Clark
Pitching: RHP Mark Clark
Batting: RHB Craig Biggio 0-0: Ball
1-0: Ball
2-0: Called Strike
2-1: Foul Ball, location: 2F
2-2: Foul Ball, location: 2F
2-2: Ground out 1-3 (Groundball, 15S, EV 64.4 MPH)
Batting: LHB Lenny Dykstra 0-0: Bunt for hit to 13 - play at first, batter OUT! 1-3
Batting: RHB Jeff Bagwell 0-0: Called Strike
0-1: Swinging Strike
0-2: Ball
1-2: Ball
2-2: Ground out 6-3 (Groundball, 6, EV 81.3 MPH)
Top of the 1st over - 0 runs, 0 hits, 0 errors, 0 left on base; Orlando 0 - New York 0
BOTTOM OF THE 1ST
New York Yankees batting - Pitching for Orlando Devil Rays : RHP John Smoltz
Pitching: RHP John Smoltz
Batting: RHB Orlando Cabrera 0-0: Ball
1-0: Ground out 6-3 (Groundball, 6, EV 81.3 MPH)
Batting: LHB Bobby Abreu 0-0: Called Strike
0-1: Swinging Strike
0-2: Strikes out swinging
Batting: RHB Mike Lieberthal 0-0: SINGLE (Flyball, 89M, EV 89.4 MPH)
Batting: RHB Kazuhiro Kiyohara 0-0: Ball
1-0: Ball
2-0: Foul Ball, location: 2F
2-1: Called Strike
2-2: Foul Ball, location: 2F
2-2: Strikes out swinging
Bottom of the 1st over - 0 runs, 1 hit, 0 errors, 1 left on base; Orlando 0 - New York 0
TOP OF THE 2ND
Orlando Devil Rays batting - Pitching for New York Yankees : RHP Mark Clark
Batting: RHB Tim Salmon 0-0: Called Strike
0-1: Ball
1-1: Fly out, F7 (Flyball, 7S, EV 84.4 MPH)
Batting: RHB Ivan Rodriguez 0-0: SINGLE (Line Drive, 9S, EV 94.4 MPH)
Batting: RHB Ron Gant 0-0: Called Strike
0-1: SINGLE (Line Drive, 6MD, EV 111.3 MPH)
Ivan Rodriguez to second
Batting: LHB Paul O'Neill 0-0: Called Strike
0-1: Ball
1-1: Called Strike
1-2: Ball
2-2: Fly out, F7 (Flyball, 7, EV 85.6 MPH)
Batting: SHB Jose Valentin 0-0: Ball
1-0: Called Strike
1-1: Ball
2-1: Ground out U3 (Groundball, 3, EV 80.0 MPH)
Top of the 2nd over - 0 runs, 2 hits, 0 errors, 2 left on base; Orlando 0 - New York 0
BOTTOM OF THE 2ND
New York Yankees batting - Pitching for Orlando Devil Rays : RHP John Smoltz
Batting: RHB Travis Fryman 0-0: Swinging Strike
0-1: Foul Ball, location: 2F
0-2: SINGLE (Flyball, 89S, EV 88.1 MPH)
Batting: RHB Phil B. Clark 0-0: Called Strike
0-1: Ball
1-1: Fly out, F9 (Flyball, 9LMF, EV 98.1 MPH)
Batting: RHB Mike Gallego 0-0: Foul Ball, location: 2F
0-1: Ball
1-1: Ball
2-1: Foul Ball, location: 2F
2-2: Foul Ball, location: 2F
2-2: Strikes out swinging
Batting: SHB Quinton McCracken 0-0: Called Strike
Travis Fryman steals 2nd base
0-1: Fly out, F7 (Flyball, 7LSF, EV 78.8 MPH)
Bottom of the 2nd over - 0 runs, 1 hit, 0 errors, 1 left on base; Orlando 0 - New York 0
TOP OF THE 3RD
Orlando Devil Rays batting - Pitching for New York Yankees : RHP Mark Clark
Batting: SHB Jose Oquendo 0-0: Foul Ball, location: 2F
0-1: Ground out 6-3 (Groundball, 6M, EV 88.8 MPH)
Batting: RHB Craig Biggio 0-0: Foul Ball, location: 2F
0-1: Ball
1-1: Foul Ball, location: 2F
1-2: Ball
2-2: Foul Ball, location: 2F
2-2: Fly out, F9 (Flyball, 89D, EV 100.0 MPH)
Batting: LHB Lenny Dykstra 0-0: Called Strike
0-1: Fly out, F8 (Flyball, 8RS, EV 80.0 MPH)
Top of the 3rd over - 0 runs, 0 hits, 0 errors, 0 left on base; Orlando 0 - New York 0
BOTTOM OF THE 3RD
New York Yankees batting - Pitching for Orlando Devil Rays : RHP John Smoltz
Batting: RHB Darren Lewis 0-0: Ball
1-0: Called Strike
1-1: Foul Ball, location: 2F
1-2: Foul Ball, location: 2F
1-2: Foul Ball, location: 2F
1-2: Foul Ball, location: 2F
1-2: Ball
2-2: Strikes out swinging
Batting: RHB Orlando Cabrera 0-0: Ball
1-0: Fly out, F8 (Flyball, 89S, EV 90.6 MPH)
Batting: LHB Bobby Abreu 0-0: Ground out 4-3 (Groundball, 4, EV 83.1 MPH)
Bottom of the 3rd over - 0 runs, 0 hits, 0 errors, 0 left on base; Orlando 0 - New York 0
TOP OF THE 4TH
Orlando Devil Rays batting - Pitching for New York Yankees : RHP Mark Clark
Batting: RHB Jeff Bagwell 0-0: Called Strike
0-1: Ground out 5-3 (Groundball, 56S, EV 90.0 MPH)
Batting: RHB Tim Salmon 0-0: Ball
1-0: Ball
2-0: Foul Ball, location: 2F
2-1: Foul Ball, location: 2F
2-2: SINGLE (Line Drive, 9LS, EV 106.3 MPH)
Batting: RHB Ivan Rodriguez 0-0: Called Strike
0-1: Swinging Strike
0-2: Ball
1-2: Ball
2-2: Grounds into double play, 6-4-3 (Groundball, 56, EV 91.3 MPH)
Top of the 4th over - 0 runs, 1 hit, 0 errors, 0 left on base; Orlando 0 - New York 0
BOTTOM OF THE 4TH
New York Yankees batting - Pitching for Orlando Devil Rays : RHP John Smoltz
Batting: RHB Mike Lieberthal 0-0: Ball
1-0: Ball
2-0: Bunted foul
2-1: Swinging Strike
2-2: Foul Ball, location: 2F
2-2: Strikes out swinging
Batting: RHB Kazuhiro Kiyohara 0-0: Ball
1-0: Fly out, F7 (Line Drive, 7D, EV 93.1 MPH)
Batting: RHB Travis Fryman 0-0: Ball
1-0: Fly out, F9 (Flyball, 89D, EV 92.5 MPH)
Bottom of the 4th over - 0 runs, 0 hits, 0 errors, 0 left on base; Orlando 0 - New York 0
TOP OF THE 5TH
Orlando Devil Rays batting - Pitching for New York Yankees : RHP Mark Clark
Batting: RHB Ron Gant 0-0: Called Strike
0-1: Called Strike
0-2: Ball
1-2: Ground out 5-3 (Groundball, 56S, EV 85.0 MPH)
Batting: LHB Paul O'Neill 0-0: Foul Ball, location: 2F
0-1: Ball
1-1: Ball
2-1: Fly out, F8 (Flyball, 89M, EV 87.5 MPH)
Batting: SHB Jose Valentin 0-0: Called Strike
0-1: Ball
1-1: Foul Ball, location: 2F
1-2: Ball
2-2: Ball
3-2: Ground out U3 (Groundball, 3L, EV 91.3 MPH)
Top of the 5th over - 0 runs, 0 hits, 0 errors, 0 left on base; Orlando 0 - New York 0
BOTTOM OF THE 5TH
New York Yankees batting - Pitching for Orlando Devil Rays : RHP John Smoltz
Batting: RHB Phil B. Clark 0-0: Called Strike
0-1: Ball
1-1: Called Strike
1-2: Strikes out swinging
Batting: RHB Mike Gallego 0-0: Foul Ball, location: 2F
0-1: Swinging Strike
0-2: TRIPLE (Flyball, 7D, EV 104.4 MPH)
Batting: SHB Quinton McCracken 0-0: Squeeze Bunt to 13 - play home, runner OUT, batter safe! 1-2
Batting: RHB Darren Lewis 0-0: Ball
1-0: Called Strike
1-1: Ball
2-1: Ground out 2-3 (Groundball, 15S, EV 70.6 MPH)
Bottom of the 5th over - 0 runs, 1 hit, 0 errors, 1 left on base; Orlando 0 - New York 0
TOP OF THE 6TH
Orlando Devil Rays batting - Pitching for New York Yankees : RHP Mark Clark
Batting: SHB Jose Oquendo 0-0: Ball
1-0: Foul Ball, location: 2F
1-1: Ball
2-1: Ball
3-1: Called Strike
3-2: Foul Ball, location: 2F
3-2: Foul Ball, location: 2F
3-2: Strikes out swinging
Batting: RHB Craig Biggio 0-0: Ball
1-0: Swinging Strike
1-1: Foul Ball, location: 2F
1-2: Strikes out looking
Batting: LHB Lenny Dykstra 0-0: Foul Ball, location: 2F
0-1: Swinging Strike
0-2: Foul Ball, location: 2F
0-2: Ball
1-2: Foul Ball, location: 2F
1-2: Strikes out swinging
Top of the 6th over - 0 runs, 0 hits, 0 errors, 0 left on base; Orlando 0 - New York 0
BOTTOM OF THE 6TH
New York Yankees batting - Pitching for Orlando Devil Rays : RHP John Smoltz
Batting: RHB Orlando Cabrera 0-0: Swinging Strike
0-1: Ball
1-1: Ground out 5-3 (Groundball, 5, EV 104.4 MPH)
Batting: LHB Bobby Abreu 0-0: Called Strike
0-1: Foul Ball, location: 2F
0-2: Ball
1-2: Ball
2-2: Foul Ball, location: 2F
2-2: SINGLE (Groundball, 34D, EV 99.4 MPH)
Batting: RHB Mike Lieberthal 0-0: Ball
1-0: Swinging Strike
1-1: 2-RUN HOME RUN (Flyball, 78XD, EV 91.9 MPH), Distance : 427 ft
Batting: RHB Kazuhiro Kiyohara 0-0: Called Strike
0-1: Swinging Strike
0-2: Strikes out swinging
Batting: RHB Travis Fryman 0-0: Called Strike
0-1: SOLO HOME RUN (Flyball, 7LD, EV 91.3 MPH), Distance : 332 ft
Batting: RHB Phil B. Clark 0-0: SINGLE (Groundball, 4D, EV 103.1 MPH)
Batting: RHB Mike Gallego 0-0: Fly out, F4 (Popup, 34, EV 51.3 MPH)
Bottom of the 6th over - 3 runs, 4 hits, 0 errors, 1 left on base; Orlando 0 - New York 3
TOP OF THE 7TH
Orlando Devil Rays batting - Pitching for New York Yankees : RHP Mark Clark
Batting: RHB Jeff Bagwell 0-0: Called Strike
0-1: Called Strike
0-2: Ball
1-2: Ground out 5-3 (Groundball, 56S, EV 78.1 MPH)
Batting: RHB Tim Salmon 0-0: Called Strike
0-1: Foul Ball, location: 2F
0-2: Ball
1-2: Ground out 6-3 (Groundball, 56, EV 85.0 MPH)
Batting: RHB Ivan Rodriguez 0-0: Ball
1-0: Ball
2-0: Swinging Strike
2-1: Foul Ball, location: 2F
2-2: Strikes out looking
Top of the 7th over - 0 runs, 0 hits, 0 errors, 0 left on base; Orlando 0 - New York 3
BOTTOM OF THE 7TH
New York Yankees batting - Pitching for Orlando Devil Rays : RHP John Smoltz
Batting: SHB Quinton McCracken 0-0: Ball
1-0: SINGLE (Groundball, 6MD, EV 102.5 MPH)
Batting: RHB Darren Lewis 0-0: Ball
1-0: Ball
2-0: Sac Bunt to 3S - play at first, batter OUT! 3-4
Quinton McCracken to second
Batting: RHB Orlando Cabrera 0-0: Ball
1-0: Ball
2-0: Called Strike
2-1: Called Strike
2-2: Ground out 1-3 (Groundball, 23, EV 80.6 MPH)
Quinton McCracken to third
Batting: LHB Bobby Abreu 0-0: Ball
1-0: Called Strike
1-1: Ball
2-1: Swinging Strike
2-2: Strikes out swinging
Bottom of the 7th over - 0 runs, 1 hit, 0 errors, 1 left on base; Orlando 0 - New York 3
TOP OF THE 8TH
Orlando Devil Rays batting - Pitching for New York Yankees : RHP Mark Clark
Batting: RHB Ron Gant 0-0: Ball
1-0: Called Strike
1-1: Foul Ball, location: 2F
1-2: Foul Ball, location: 2F
1-2: Ball
2-2: Foul Ball, location: 2F
2-2: Foul Ball, location: 2F
2-2: Ball
3-2: Foul Ball, location: 2F
3-2: Ground out 1-3 (Groundball, 34S, EV 69.4 MPH)
Pitching: RHP Jose Mesa
Batting: LHB Paul O'Neill 0-0: Foul Ball, location: 2F
0-1: Ball
1-1: Ball
2-1: Ball
3-1: Foul Ball, location: 2F
3-2: DOUBLE (Flyball, 8RXD, EV 91.3 MPH)
Batting: SHB Jose Valentin 0-0: Called Strike
0-1: Ball
1-1: Foul Ball, location: 2F
1-2: Ball
2-2: Ball
3-2: Base on Balls
Batting: SHB Jose Oquendo 0-0: Ball
1-0: Fielders Choice at 2nd, 6-4 (Groundball, 6M, EV 77.5 MPH)
Paul O'Neill to third
Batting: RHB Craig Biggio 0-0: Ground out 4-3 (Groundball, 4S, EV 70.6 MPH)
Top of the 8th over - 0 runs, 1 hit, 0 errors, 2 left on base; Orlando 0 - New York 3
BOTTOM OF THE 8TH
New York Yankees batting - Pitching for Orlando Devil Rays : RHP John Smoltz
Batting: RHB Mike Lieberthal 0-0: Foul Ball, location: 2F
0-1: Ball
1-1: Fly out, F9 (Line Drive, 9, EV 111.3 MPH)
Batting: RHB Kazuhiro Kiyohara 0-0: Ball
1-0: Foul Ball, location: 2F
1-1: Foul Ball, location: 2F
1-2: Ball
2-2: Strikes out looking
Batting: RHB Travis Fryman 0-0: SINGLE (Groundball, 34D, EV 95.0 MPH)
Batting: RHB Phil B. Clark 0-0: Ball
Wild Pitch!
Travis Fryman to second
1-0: Called Strike
1-1: DOUBLE (Flyball, 8RXD, EV 109.4 MPH)
Travis Fryman scores
Batting: RHB Mike Gallego 0-0: Swinging Strike
0-1: Ball
1-1: Swinging Strike
1-2: Strikes out looking
Bottom of the 8th over - 1 run, 2 hits, 0 errors, 1 left on base; Orlando 0 - New York 4
TOP OF THE 9TH
Orlando Devil Rays batting - Pitching for New York Yankees : RHP Jose Mesa
Batting: LHB Lenny Dykstra 0-0: Fly out, F9 (Flyball, 9S, EV 93.1 MPH)
Batting: RHB Jeff Bagwell 0-0: Foul Ball, location: 2F
0-1: Called Strike
0-2: Strikes out swinging
Batting: RHB Tim Salmon 0-0: Called Strike
0-1: Swinging Strike
0-2: Strikes out swinging
Top of the 9th over - 0 runs, 0 hits, 0 errors, 0 left on base; Orlando 0 - New York 4
Wednesday, February 25th, 2026 - OOTP Baseball 20.8 Build 74